AoeStats
← Malelf

Hideout

507295669Analyzed
1v1 RM · 15d ago on Sep 17, 2026· 56m 56s· 2 players
Game mode
Random Map
Map size
Tiny (2 player)
Population
200
Speed
Normal
Resources
Standard
Victory
Conquest
Starting age
Dark Age
Ending age
Imperial Age
RankedLock teamsTeams togetherTeam positionsShared explorationLock speedFull tech treeHidden civsTurbo modeCheats
Victory
Defeat
🇮🇹 Japanese · Italy
1706
+14
🇲🇽 Saracens · Mexico
1652
-14
VL Genghis Khan!!!
8:48 Feudal Age
10:13 Loom
12:02 Double-Bit Axe
16:29 Fletching
22:07 Castle Age
22:43 Padded Archer Armor
22:47 Bodkin Arrow
22:15 Crossbowman
22:58 Town Watch
23:25 Bow Saw
23:21 Stone Mining
25:27 Wheelbarrow
26:18 Scale Barding Armor
28:12 Horse Collar
34:47 Heavy Plow
35:33 Leather Archer Armor
34:47 Elite Skirmisher
35:33 Thumb Ring
39:29 Imperial Age
37:42 Hand Cart
40:21 Bracer
40:52 Ring Archer Armor
40:54 Conscription
41:47 Chemistry
41:07 Ballistics
44:56 Forging
47:34 Chain Barding Armor
47:50 Iron Casting
47:26 Bloodlines
47:17 Husbandry
Malelf
6:45 Loom
9:02 Feudal Age
10:01 Double-Bit Axe
11:02 Man-at-Arms
22:14 Castle Age
20:07 Gold Mining
20:26 Fletching
21:22 Stone Mining
24:12 Wheelbarrow
24:13 Bodkin Arrow
25:07 Bow Saw
25:25 Horse Collar
26:09 Town Watch
28:36 Heavy Plow
35:23 Imperial Age
34:02 Hand Cart
34:59 Ballistics
34:41 Padded Archer Armor
35:13 Thumb Ring
36:08 Bracer
37:12 Chemistry
37:29 Bloodlines
37:20 Husbandry
38:54 Leather Archer Armor
39:41 Gold Shaft Mining
39:27 Heavy Cavalry Archer
40:49 Guard Tower
41:11 Masonry
41:33 Ring Archer Armor
42:20 Two-Man Saw
41:10 Light Cavalry
42:38 Siege Engineers
43:11 Keep
42:59 Scale Barding Armor
44:17 Arrowslits
46:37 Chain Barding Armor
46:28 Forging
48:14 Parthian Tactics
47:32 Capped Ram
49:14 Iron Casting
49:01 Yasama
49:22 Kataparuto
49:22 Conscription
49:38 Hoardings
52:24 Elite Skirmisher
Connection lost

Rejoining the realm…

Still unreachable

The connection could not be restored.

Session expired

The server has moved on; the page needs a fresh start.